 Dungeon Crawl Stone Soup version 0.18-a0-1293-g5a2c81a (webtiles) character file.

7382 glosham the Thaumaturge (level 10, -1/55 (56) HPs)
             Began as a Deep Elf Necromancer on Feb 10, 2016.
             Was a Priest of Vehumet.
             Splashed by an oklob plant's acid (16 damage)
             ... on level 2 of the Lair of Beasts on Feb 11, 2016.
             The game lasted 02:49:12 (7774 turns).

glosham the Thaumaturge (Deep Elf Necromancer)      Turns: 7774, Time: 02:49:12

HP:   -1/55 (56)    AC: 20    Str: 10    XL:     10   Next: 92%
MP:   18/26         EV: 16    Int: 26    God:    Vehumet [***...]
Gold: 236           SH:  0    Dex: 21    Spells: 7 memorised, 9 levels left

rFire  . . .     SeeInvis .     a - +5 quarterstaff (chaos)
rCold  . . .     Gourm    .     X - +8 ring mail "Iguheac" {rPois Int+2 Dex+6}
rNeg   . . .     Faith    .     (shield currently unavailable)
rPois  +         Spirit   .     U - +1 helmet
rElec  .         Dismiss  .     Y - +2 cloak {MR+}
rCorr  .         Reflect  .     (no gloves)
SustAt .         Harm     +     W - +0 pair of boots
MR     ++...                    z - amulet of harm
Stlth  +++.......               B - ring of stealth
                                A - +5 ring of strength

@: very resistant to hostile enchantments, fairly stealthy
A: no striking features
a: Renounce Religion


You were on level 2 of the Lair of Beasts.
You worshipped Vehumet.
Vehumet was most pleased with you.
You were not hungry.

You visited 3 branches of the dungeon, and saw 12 of its levels.

You collected 599 gold pieces.
You spent 363 gold pieces at shops.

Inventory:

Hand Weapons
 a - a +5 quarterstaff of chaos (weapon)
 b - a +2 dagger of venom
 c - the +4 short sword "Ysimoin" {freeze, +Fly Str+4}
   (You found it on level 7 of the Dungeon)

   It has been specially enchanted to freeze those struck by it, causing extra
   injury to most foes and up to half again as much damage against particularly
   susceptible opponents.
   It can also slow down cold-blooded creatures.
   It affects your strength (+4).
   It lets you fly.
 d - a +3 short sword of protection
 e - a +1 falchion of electrocution
Missiles
 f - 5 poisoned tomahawks (quivered)
Armour
 D - a +0 shield
 T - the +0 cloak of Defiance {rN+ Slay+2}
   (You found it on level 6 of the Dungeon)

   It affects your accuracy and damage with ranged weapons and melee attacks
   (+2).
   It protects you from negative energy.
 U - a +1 helmet (worn)
 W - a +0 pair of boots (worn)
 X - the +8 ring mail "Iguheac" (worn) {rPois Int+2 Dex+6}
   (You found it on level 8 of the Dungeon)

   It affects your intelligence (+2).
   It affects your dexterity (+6).
   It protects you from poison.
 Y - a +2 cloak of magic resistance (worn)
Jewellery
 s - an uncursed amulet of rage
 z - an amulet of harm (around neck)
 A - a +5 ring of strength (left hand)
 B - a ring of stealth (right hand)
 C - an uncursed ring of ice
Wands
 g - a wand of digging (16/24)
 h - a wand of disintegration (13/24)
 i - a wand of lightning (6/15)
 j - a wand of lightning (4/15)
 o - a wand of random effects (26/48)
 x - a wand of iceblast (2/15)
Scrolls
 k - 2 scrolls of teleportation
 l - 2 scrolls of fear
 m - 3 scrolls of fog
 n - 5 scrolls of remove curse
 F - a scroll of identify
Potions
 p - 3 potions of flight
 r - 4 potions of curing
 t - a potion of cancellation {unknown}
 u - a potion of lignification
 v - 5 potions of agility
 E - a potion of heal wounds {unknown}
 H - 2 potions of berserk rage {!q}
 I - a potion of cure mutation {unknown}
 K - a potion of brilliance {unknown}
 M - a potion of resistance {unknown}
 O - 2 potions of haste
Books
 q - a book of Envenomations

   Spells                             Type                      Level
   a - Spider Form                    Transmutation/Poison         3
   b - Olgreb's Toxic Radiance        Poison                       4
   c - Alistair's Intoxication        Transmutation/Poison         5
   d - Poisonous Cloud                Conjuration/Poison/Air       6
 G - a book of Debilitation

   Spells                             Type                      Level
   a - Corona                         Hexes                        1
   b - Slow                           Hexes                        2
   c - Gell's Gravitas                Hexes/Translocation          3
   d - Inner Flame                    Hexes/Fire                   3
   e - Cause Fear                     Hexes                        4
   f - Leda's Liquefaction            Hexes/Earth                  4
Miscellaneous
 w - a phantom mirror
 N - a phial of floods
Comestibles
 y - 5 fruits
 P - 6 meat rations


   Skills:
 - Level 3.0 Fighting
 - Level 6.0 Staves
 - Level 4.0 Armour
 - Level 7.8 Dodging
 - Level 2.4 Stealth
 - Level 10.6 Spellcasting
 * Level 7.1 Conjurations
 - Level 4.0 Charms
 - Level 5.5 Necromancy
 * Level 7.2 Fire Magic


You had 9 spell levels left.
You knew the following spells:

 Your Spells              Type           Power        Failure   Level  Hunger
c - Searing Ray           Conj           ######       1%          2    None
r - Regeneration          Chrm/Necr      #####.....   6%          3    None
v - Vampiric Draining     Necr           #####.....   3%          3    None
x - Flame Tongue          Conj/Fire      #####        1%          1    None
z - Sticky Flame          Conj/Fire      ######..     2%          4    None
U - Control Undead        Necr           #####.....   12%         4    None
Z - Animate Dead          Necr           N/A          12%         4    None


Dungeon Overview and Level Annotations

Branches:
Dungeon (9/15)             Temple (1/1) D:5            Lair (2/8) D:9
    Orc (0/2) D:9

Altars:
Ashenzari
Cheibriados
Dithmenos
Elyvilon
Fedhas
Gozag
Kikubaaqudgha
Makhleb
Nemelex Xobeh
Okawaru
Pakellas
Qazlal
Ru
Sif Muna
Trog
Vehumet
Xom
Yredelemnul
Zin
The Shining One

Shops:
D:6 *   D:7 =

Annotations:
D:7 exclusion: ice statue
Lair:2 exclusion: oklob plant


Message History

You hit the plant but do no damage.
The plant is severely damaged.
You hit the plant. You freeze the plant.
The plant is almost destroyed.
You hit the plant but do no damage.
Wisps of poison gas drift from the plant's leaves.
The plant is almost destroyed.
You hit the plant but do no damage.
The plant glows shining purple for a moment.
The plant is almost destroyed.
You destroy the plant!
Found a scroll of identify.
F - a scroll of identify Marking area around the oklob plant as unsafe for travelling.
An oklob plant comes into view.
Casting: Sticky Flame
Confirm with . or Enter, or press ? or * to list all spells.
Aiming: Sticky Flame
Press: ? - help, Shift-Dir - straight line, f - oklob plant
Aim: an oklob plant (resting)
The sticky flame hits the oklob plant.
The oklob plant is lightly damaged.
The oklob plant is covered in liquid flames!
The oklob plant burns!
Casting: Sticky Flame
Confirm with . or Enter, or press ? or * to list all spells.
Aiming: Searing Ray
Press: ? - help, Shift-Dir - straight line, f/p - oklob plant
Aim: an oklob plant (moderately damaged, covered in liquid flames)
The searing ray hits the oklob plant.
The oklob plant is moderately damaged.
The oklob plant burns!
The oklob plant spits acid at you. The splash of acid hits you!
The acid burns!
The searing ray hits the oklob plant.
The oklob plant is heavily damaged.
The oklob plant burns!
The oklob plant spits acid at you. The splash of acid hits you!
The acid burns!
You die... #....
PP..P

#...#
#..P.#
##....###
#..PPP#.##
#....@P#
#P...#P#
##...###
##PP.#
#PP.P##
##PPP..###
#.PP.PP#.#
#P#PP..P.#
###P.PPPP#


You could see an oklob plant (burning).

Vanquished Creatures
  Pikel (D:4)
  A black mamba (Lair:1)
  2 spiny frogs
  2 kobold demonologists (D:8)
  Grinder (D:3)
  Prince Ribbit (D:5)
  Sigmund (D:6)
  A wyvern (D:8)
  A basilisk (Lair:2)
  Grum (Lair:1)
  A hippogriff (D:9)
  Menkaure (D:6)
  4 wolves (Lair:1)
  Edmund (D:5)
  A warg (D:9)
  A water moccasin (Lair:2)
  3 orc warriors
  2 ice beasts
  3 sky beasts
  A wasp (D:8)
  2 slaves (D:4)
  3 ogres
  A necrophage (D:8)
  A crocodile (Lair:1)
  7 centaurs
  A big kobold (D:8)
  Blork the orc (D:4)
  3 giant frogs
  2 scorpions
  The ghost of glosham the Grave Robber, a weakling DENe (D:3)
  3 crimson imps
  A quasit (D:9)
  A giant frog zombie (D:8)
  7 orc wizards
  2 orc priests
  Crazy Yiuf (D:3)
  2 hounds
  4 jellies
  3 giant frog skeletons
  Natasha (thrice) (D:3)
  4 worker ants
  A hound skeleton (D:9)
  Robin (D:4)
  A worker ant zombie (D:8)
  4 gnolls (D:4)
  5 adders
  2 shadow imps
  An ooze (D:4)
  5 adder skeletons
  2 adder zombies
  2 worms
  2 giant geckos
  42 orcs
  11 bats
  9 giant cockroaches
  18 goblins
  16 hobgoblins
  5 jackals
  4 quokkas
  2 ball pythons
  A giant gecko zombie (D:5)
  3 giant newts
  A jackal skeleton (D:6)
  7 kobolds
  12 rats
  A fungus (D:9)
  3 plants
244 creatures vanquished.

Notes
Turn   | Place    | Note
--------------------------------------------------------------
     0 | D:1      | glosham the Deep Elf Necromancer began the quest for the Orb.
     0 | D:1      | Reached XP level 1. HP: 10/10 MP: 6/6
   301 | D:1      | Reached skill level 1 in Fighting
   386 | D:1      | Reached XP level 2. HP: 10/16 MP: 4/8
   890 | D:2      | Reached skill level 2 in Fighting
  1116 | D:2      | Reached XP level 3. HP: 14/21 MP: 2/9
  1121 | D:2      | Learned a level 3 spell: Regeneration
  1125 | D:2      | Learned a level 3 spell: Vampiric Draining
  1211 | D:2      | Found a faded altar to an unknown god.
  1358 | D:2      | Reached skill level 1 in Charms
  1489 | D:3      | Noticed Grinder
  1504 | D:3      | Paralysed by Grinder for 6 turns
  1512 | D:3      | Paralysed by Grinder for 7 turns
  1543 | D:3      | Paralysed by Grinder for 3 turns
  1546 | D:3      | Killed Grinder
  1546 | D:3      | Reached skill level 6 in Spellcasting
  1546 | D:3      | Reached skill level 4 in Charms
  1546 | D:3      | Reached XP level 4. HP: 21/26 MP: 10/14
  1546 | D:3      | Reached XP level 5. HP: 24/30 MP: 10/15
  1552 | D:3      | Learned a level 4 spell: Control Undead
  1557 | D:3      | Learned a level 4 spell: Animate Dead
  1633 | D:3      | Reached skill level 5 in Necromancy
  1643 | D:3      | Found a bloodstained altar of Trog.
  1761 | D:2      | Reached XP level 6. HP: 35/35 MP: 7/17
  1881 | D:3      | Noticed Crazy Yiuf
  1885 | D:3      | Killed Crazy Yiuf
  1983 | D:3      | Reached skill level 1 in Staves
  2080 | D:3      | Noticed glosham's ghost (weakling DENe)
  2134 | D:3      | Noticed Natasha
  2138 | D:3      | Killed Natasha
  2138 | D:3      | Reached skill level 2 in Staves
  2350 | D:3      | Found a shattered altar of Ashenzari.
  2422 | D:4      | Noticed Robin
  2477 | D:4      | Killed Robin
  2648 | D:4      | Reached skill level 3 in Dodging
  2880 | D:4      | Noticed a slave
  2880 | D:4      | Noticed a slave
  2880 | D:4      | Noticed a slave
  2880 | D:4      | Noticed Blork the orc
  2921 | D:4      | Killed a slave
  2922 | D:4      | Killed a slave
  2929 | D:4      | Killed Blork the orc
  2929 | D:4      | Reached skill level 4 in Dodging
  2929 | D:4      | Reached XP level 7. HP: 38/40 MP: 5/18
  2969 | D:4      | Noticed Pikel
  2983 | D:4      | Killed Pikel
  2983 | D:4      | Reached skill level 7 in Dodging
  3092 | D:3      | Noticed Natasha
  3101 | D:3      | Killed Natasha
  3101 | D:3      | Reached XP level 8. HP: 39/44 MP: 14/19
  3255 | D:3      | Noticed Natasha
  3268 | D:3      | Killed Natasha
  3290 | D:3      | Killed glosham's ghost
  3343 | D:5      | Entered Level 5 of the Dungeon
  3379 | D:5      | Reached skill level 3 in Staves
  3450 | D:5      | Reached skill level 4 in Staves
  3487 | D:5      | Noticed Edmund
  3504 | D:5      | Killed Edmund
  3504 | D:5      | Reached skill level 5 in Staves
  3626 | D:5      | Reached skill level 6 in Staves
  3640 | D:5      | Found a staircase to the Ecumenical Temple.
  3649 | Temple   | Entered the Ecumenical Temple
  3671 | Temple   | Became a worshipper of Vehumet
  3867 | D:5      | Noticed Prince Ribbit
  3892 | D:5      | Reached skill level 7 in Spellcasting
  3951 | D:5      | Reached skill level 8 in Spellcasting
  4025 | D:5      | Reached XP level 9. HP: 45/49 MP: 19/23
  4072 | D:5      | Killed Prince Ribbit
  4095 | D:5      | Reached skill level 9 in Spellcasting
  4210 | D:6      | Noticed Sigmund
  4270 | D:6      | Killed Sigmund
  4270 | D:6      | Reached skill level 10 in Spellcasting
  4456 | D:6      | Found a sacrificial altar of Ru.
  4503 | D:6      | Noticed Menkaure
  4535 | D:6      | Found Ovvaxit's Assorted Antiques.
  4545 | D:6      | Bought a shiny tourmaline ring for 165 gold pieces
  4545 | D:6      | Bought a scroll labeled TATYK DOMNIGGE for 33 gold pieces
  4547 | D:6      | Got a shimmering cloak
  4558 | D:6      | Identified the +0 cloak of Defiance {rN+ Slay+2} (You found it on level 6 of the Dungeon)
  4589 | D:6      | Killed Menkaure
  4589 | D:6      | Reached * piety under Vehumet
  4589 | D:6      | Offered knowledge of Flame Tongue by Vehumet.
  4592 | D:6      | Learned a level 1 spell: Flame Tongue
  4615 | D:6      | Found an iron altar of Okawaru.
  4875 | D:6      | Bought a small ruby ring for 165 gold pieces
  4917 | D:7      | Found a sparkling altar of Nemelex Xobeh.
  5004 | D:7      | Reached skill level 1 in Conjurations
  5014 | D:7      | Reached skill level 1 in Fire Magic
  5136 | D:7      | Found Fets's Jewellery Shop.
  5147 | D:7      | Reached skill level 2 in Conjurations
  5147 | D:7      | Reached skill level 2 in Fire Magic
  5244 | D:7      | Got an ichor-stained short sword
  5336 | D:7      | Noticed an ice statue
  5403 | D:8      | Reached skill level 3 in Conjurations
  5465 | D:8      | Reached skill level 3 in Fire Magic
  5495 | D:8      | Noticed a kobold demonologist
  5513 | D:8      | Noticed a hellwing
  5516 | D:8      | Noticed a kobold demonologist
  5528 | D:8      | Killed a kobold demonologist
  5528 | D:8      | Reached skill level 4 in Conjurations
  5528 | D:8      | Reached skill level 4 in Fire Magic
  5534 | D:8      | Killed a kobold demonologist
  5534 | D:8      | Reached ** piety under Vehumet
  5534 | D:8      | Offered knowledge of Searing Ray by Vehumet.
  5540 | D:8      | Reached XP level 10. HP: 43/53 MP: 22/26
  5610 | D:8      | Learned a level 2 spell: Searing Ray
  5693 | D:8      | Reached skill level 5 in Conjurations
  5736 | D:8      | Reached skill level 5 in Fire Magic
  5763 | D:8      | Got an ancient ring mail
  5792 | D:8      | Identified the +8 ring mail "Iguheac" {rPois Int+2 Dex+6} (You found it on level 8 of the Dungeon)
  5885 | D:8      | Reached skill level 1 in Armour
  6124 | D:8      | Reached skill level 2 in Armour
  6269 | D:9      | Offered knowledge of Throw Frost by Vehumet.
  6270 | D:9      | Reached skill level 3 in Armour
  6304 | D:9      | Found a staircase to the Orcish Mines.
  6454 | D:9      | Reached *** piety under Vehumet
  6482 | D:9      | Reached skill level 4 in Armour
  6790 | D:9      | Reached skill level 3 in Fighting
  6823 | D:9      | Found a staircase to the Lair.
  7007 | D:9      | Identified the +4 short sword "Ysimoin" {freeze, +Fly Str+4} (You found it on level 7 of the Dungeon)
  7015 | Lair:1   | Entered Level 1 of the Lair of Beasts
  7015 | Lair:1   | Noticed a black mamba
  7021 | Lair:1   | Killed a black mamba
  7275 | Lair:1   | Reached skill level 6 in Conjurations
  7275 | Lair:1   | Reached skill level 6 in Fire Magic
  7279 | Lair:1   | Noticed Grum
  7285 | Lair:1   | Killed Grum
  7497 | Lair:1   | Noticed a spiny frog
  7504 | Lair:1   | Killed a spiny frog
  7680 | Lair:2   | Noticed a spiny frog
  7687 | Lair:2   | Offered knowledge of Sticky Flame by Vehumet.
  7693 | Lair:2   | Learned a level 4 spell: Sticky Flame
  7702 | Lair:2   | Killed a spiny frog
  7702 | Lair:2   | Reached skill level 7 in Conjurations
  7702 | Lair:2   | Reached skill level 7 in Fire Magic
  7770 | Lair:2   | Noticed an oklob plant
  7774 | Lair:2   | Splashed by an oklob plant's acid

Vault maps used:
D:1:      minmay_arrival_up_and_down, serial_forest, infiniplex_forest_lined_2,
          infiniplex_forest_clump_tiny, infiniplex_forest_clump_small,
          infiniplex_forest_lined_2, infiniplex_forest_split,
          infiniplex_forest_straight_4, infiniplex_forest_corner_1
D:2:      ecumenical_altar_2
D:3:      marbit_many_paths, trog_hazing_becter, uniq_natasha, uniq_grinder,
          uniq_crazy_yiuf_cottage
D:4:      first_bread, uniq_pikel, uniq_robin, uniq_blork_the_orc
D:5:      temple_pool_b, uniq_edmund, uniq_prince_ribbit1
D:6:      nicolae_ru_awakened_eye, serial_shops,
          nicolae_shop_temple_entry_statues_fountains, basic_altar,
          uniq_sigmund, uniq_menkaure
D:7:      lemuel_ice_statue, serial_shops,
          nicolae_shop_temple_entry_statues_fountains, nemelex_altar_shiori
D:9:      dpeg_oklobed_lair, erik_orc_3
Temple:   grunt_circular_temple_18
Lair:1:   uniq_grum
Lair:2:   minmay_lair_oklob_tunnel, uniq_erica

Action                   |  1- 3 |  4- 6 |  7- 9 | 10-12 || total
-------------------------+-------+-------+-------+-------++-------
Melee: Dagger            |    92 |    49 |       |       ||   141
       Quarterstaff      |       |    65 |   247 |   148 ||   460
 Cast: Pain              |    40 |    33 |    19 |       ||    92
       Regeneration      |     2 |     9 |    14 |    10 ||    35
       Vampiric Draining |       |     8 |    28 |    13 ||    49
       Animate Dead      |       |     1 |       |       ||     1
       Flame Tongue      |       |       |    11 |    14 ||    25
       Searing Ray       |       |       |       |    22 ||    22
       Sticky Flame      |       |       |       |     2 ||     2
 Abil: Evoke Berserk Rag |       |       |     1 |       ||     1
  Use: Scroll            |     5 |    10 |     6 |     2 ||    23
       Potion            |     2 |     1 |       |       ||     3
 Stab: Sleeping          |     4 |     3 |     6 |     5 ||    18
       Confused          |       |     1 |     2 |       ||     3
       Petrifying        |       |       |     2 |       ||     2
       Paralysed         |       |       |     1 |     2 ||     3
  Eat: Chunk             |     2 |     5 |    10 |     6 ||    23
       Fruit             |       |       |       |     2 ||     2

Table legend:
 A = Turns spent in this place as a percentage of turns spent in the entire game.
 B = Non-inter-level travel turns spent in this place as a percentage of non-inter-level travel turns spent in the entire game.
 C = Inter-level travel turns spent in this place as a percentage of turns spent in this place.
 D = Turns resting spent in this place as a percentage of non-inter-level travel turns spent in this place.
 E = Turns spent auto-exploring this place as a percentage of non-inter-level travel turns spent in this place.
 F = Non-inter-level travel turns spent in this place divided by the number of levels of this place that you've seen.
                   A       B       C       D       E      F
               +-------+-------+-------+-------+-------+----------------------
         Total | 100.0 | 100.0 |   0.5 |   0.3 |   0.3 | 490.3
       Dungeon |  88.3 |  88.3 |   0.5 |   0.3 |   0.3 | 577.4
        Temple |   0.5 |   0.5 |   3.4 |   0.0 |   0.0 |  28.0
          Lair |  11.2 |  11.2 |   0.3 |   0.0 |   0.3 | 329.5
               +-------+-------+-------+-------+-------+----------------------

Table legend:
 A = Kills in this place as a percentage of kills in entire the game.
 B = Kills by you in this place as a percentage of kills by you in the entire game.
 C = Kills by friends in this place as a percentage of kills by friends in the entire game.
 D = Other kills in this place as a percentage of other kills in the entire game.
 E = Experience gained in this place as a percentage of experience gained in the entire game.
 F = Experience gained in this place divided by the number of levels of this place that you have seen.
                   A       B       C       D       E      F
               +-------+-------+-------+-------+-------+----------------------
         Total | 100.0 | 100.0 |  -nan |  -nan | 100.0 | 878.9
       Dungeon |  95.0 |  95.0 |  -nan |  -nan |  74.1 | 868.9
          Lair |   5.0 |   5.0 |  -nan |  -nan |  25.9 | 1363.5
               +-------+-------+-------+-------+-------+----------------------

Vault maps used:
D:1:      minmay_arrival_up_and_down, serial_forest, infiniplex_forest_lined_2,
          infiniplex_forest_clump_tiny, infiniplex_forest_clump_small,
          infiniplex_forest_lined_2, infiniplex_forest_split,
          infiniplex_forest_straight_4, infiniplex_forest_corner_1
D:2:      ecumenical_altar_2
D:3:      marbit_many_paths, trog_hazing_becter, uniq_natasha, uniq_grinder,
          uniq_crazy_yiuf_cottage
D:4:      first_bread, uniq_pikel, uniq_robin, uniq_blork_the_orc
D:5:      temple_pool_b, uniq_edmund, uniq_prince_ribbit1
D:6:      nicolae_ru_awakened_eye, serial_shops,
          nicolae_shop_temple_entry_statues_fountains, basic_altar,
          uniq_sigmund, uniq_menkaure
D:7:      lemuel_ice_statue, serial_shops,
          nicolae_shop_temple_entry_statues_fountains, nemelex_altar_shiori
D:9:      dpeg_oklobed_lair, erik_orc_3
Temple:   grunt_circular_temple_18
Lair:1:   uniq_grum
Lair:2:   minmay_lair_oklob_tunnel, uniq_erica
